 Dungeon Crawl Stone Soup version 0.21.0-3-g78d12a8 (webtiles) character file.

228 magipi the Chiller (level 6, -1/41 HPs)
             Began as a Merfolk Ice Elementalist on Jan 12, 2018.
             Slain by a sky beast (5 damage)
             ... on level 3 of the Dungeon.
             The game lasted 00:12:01 (2657 turns).

magipi the Chiller (Merfolk Ice Elementalist)       Turns: 2657, Time: 00:12:02

Health: -1/41      AC:  3    Str:  9    XL:     6   Next: 2%
Magic:  8/11       EV: 12    Int: 15    God:
Gold:   83         SH:  0    Dex: 15    Spells: 4/12 levels left

rFire    . . .     SeeInvis .   a - +0 dagger (drain)
rCold    + . .     Gourm    .   (no shield)
rNeg     . . .     Faith    .   r - +0 leather armour {rC+}
rPois    .         Spirit   .   (no helmet)
rElec    .         Reflect  .   (no cloak)
rCorr    .         Harm     .   (no gloves)
MR       +....                  (no boots)
Stlth    ++........             (no amulet)
HPRegen  0.13/turn              g - ring of flight
MPRegen  0.12/turn              m - ring of protection from magic

@: hasted, very quick
A: change form in water, swift swim, stealthy swim
a: Evoke Flight


You were on level 3 of the Dungeon.
You were not hungry.

You visited 1 branch of the dungeon, and saw 3 of its levels.

You collected 83 gold pieces.

Inventory:

Hand Weapons
 a - a +0 dagger of draining (weapon)
   (You took it off a kobold on level 1 of the Dungeon)
 b - a +0 dagger of holy wrath
   (You took it off an orc wizard on level 1 of the Dungeon)
Armour
 r - a +0 leather armour of cold resistance (worn)
   (You took it off an orc priest on level 2 of the Dungeon)
Jewellery
 g - a ring of flight (left hand)
   (You found it on level 1 of the Dungeon)
 h - an uncursed ring of fire
   (You found it on level 1 of the Dungeon)
 m - a ring of protection from magic (right hand)
   (You found it on level 2 of the Dungeon)
 n - a cursed ring of loudness {unknown}
   (You took it off an orc on level 3 of the Dungeon)
Scrolls
 e - 3 scrolls of teleportation
 f - a scroll of enchant armour {unknown}
 p - a scroll of identify {unknown}
 s - a scroll of fog {unknown}
Potions
 l - a potion of heal wounds {unknown}
 o - a potion of mutation {unknown}
Books
 q - a book of Frost

   Spells                             Type                      Level
   a - Freeze                         Ice                          1
   b - Throw Frost                    Conjuration/Ice              2
   c - Ozocubu's Armour               Charms/Ice                   3
   d - Throw Icicle                   Conjuration/Ice              4
   e - Summon Ice Beast               Ice/Summoning                4
Comestibles
 c - 4 rations
 j - a chunk of flesh


   Skills:
 - Level 2.6 Dodging
 - Level 2.1 Stealth
 + Level 3.5 Spellcasting
   Level 0.7 Conjurations
 + Level 0.1 Charms
 + Level 0.1 Summonings
 - Level 6.1 Ice Magic


You had 4 spell levels left.
You knew the following spells:

 Your Spells              Type           Power        Failure   Level  Hunger
a - Freeze                Ice            ###.         2%          1    None
i - Summon Ice Beast      Ice/Summ       ##......     58%         4    ####...
o - Ozocubu's Armour      Chrm/Ice       ##......     22%         3    ###....


Dungeon Overview and Level Annotations

Branches:
Dungeon (3/15)

Altars:
Elyvilon
Yredelemnul


Message History

The sky beast flickers out of sight!
Deactivating autopickup; reactivate with Ctrl-A.
A sky beast appears from thin air!
Reactivating autopickup.
Casting: Freeze
Confirm with . or Enter, or press ? or * to list all spells.
Aiming: Freeze
Press: ? - help, Shift-Dir - straight line, f - sky beast
Aim: a sky beast You freeze the sky beast.
The sky beast is lightly wounded.
The sky beast hits you. The sky beast shocks you.
Casting: Freeze
Confirm with . or Enter, or press ? or * to list all spells.
Aiming: Freeze
Press: ? - help, Shift-Dir - straight line, f/p - sky beast
Aim: a sky beast (lightly wounded)
You freeze the sky beast.
The sky beast is moderately wounded.
The sky beast hits you. The sky beast shocks you.
* * * LOW HITPOINT WARNING * * *
Unknown command.
Some of the chunks of flesh in your inventory have rotted away.
The sky beast flickers out of sight!
Deactivating autopickup; reactivate with Ctrl-A.
Things that are here:
a dagger; 5 stones; a leather armour
There is a white marble altar of Elyvilon here.
There is an open door here.
A sky beast appears from thin air!
Reactivating autopickup.
Casting: Freeze
Confirm with . or Enter, or press ? or * to list all spells.
Aiming: Freeze
Press: ? - help, Shift-Dir - straight line, f/p - sky beast
Aim: a sky beast (lightly wounded)
You freeze the sky beast.
The sky beast is moderately wounded.
The sky beast flickers out of sight!
Deactivating autopickup; reactivate with Ctrl-A.
Something hits you. Something shocks you.
* * * LOW HITPOINT WARNING * * *
Unknown command.
You see here a bat skeleton.
A sky beast appears from thin air!
Reactivating autopickup.
The sky beast flickers out of sight!
Deactivating autopickup; reactivate with Ctrl-A.
A sky beast appears from thin air!
Reactivating autopickup.
You see here a stone.
Casting: Freeze
Confirm with . or Enter, or press ? or * to list all spells.
Aiming: Freeze
Press: ? - help, Shift-Dir - straight line, f/p - sky beast
Aim: a sky beast (moderately wounded)
You freeze the sky beast.
The sky beast is moderately wounded.
The sky beast hits you but does no damage.
It was a potion of curing.
You feel better. The sky beast closely misses you.
Unknown command.
Casting: Freeze
Confirm with . or Enter, or press ? or * to list all spells.
Aiming: Freeze
Press: ? - help, Shift-Dir - straight line, f/p - sky beast
Aim: a sky beast (moderately wounded)
You freeze the sky beast.
The sky beast is heavily wounded.
The sky beast flickers out of sight!
Deactivating autopickup; reactivate with Ctrl-A.
Something hits you. Something shocks you.
Unknown command.
A sky beast appears from thin air!
Reactivating autopickup.
You see here a stone.
Things that are here:
an uncursed amulet of inaccuracy; a stone
Casting: Freeze
Confirm with . or Enter, or press ? or * to list all spells.
Aiming: Freeze
Press: ? - help, Shift-Dir - straight line, f/p - sky beast
Aim: a sky beast (heavily wounded)
You freeze the sky beast.
The sky beast is severely wounded.
The sky beast barely misses you.
Casting: Freeze
Confirm with . or Enter, or press ? or * to list all spells.
Aiming: Freeze
Press: ? - help, Shift-Dir - straight line, f/p - sky beast
Aim: a sky beast (severely wounded)
You freeze the sky beast.
The sky beast is severely wounded.
The sky beast flickers out of sight!
Deactivating autopickup; reactivate with Ctrl-A.
Something hits you.
* * * LOW HITPOINT WARNING * * *
Something shocks you.
* * * LOW HITPOINT WARNING * * *
It was a potion of haste.
You feel yourself speed up. Something hits you.
You die...

#.# #.#.........
# #.#
#.#.>..).... #
#.# #.#.########
#.#.# #.#.#
#.#.# #.#÷#
#.#.# #.#.# ..#
#≈# ##### ..#
#.# #<..# ..#
#.# ##@## ..#
#.# #{# ..# #.#
#.# .## #.# #.#
...
#.######(##.#
#######
#...........#
.......
########........
#######
####.#### ##


There were no monsters in sight!

Vanquished Creatures
  A hound (D:3)
  An orc priest (D:2)
  2 orc wizards (D:1)
  Natasha (D:1)
  3 adders (D:2)
  An ooze (D:1)
  A worm (D:2)
  A dart slug (D:2)
  2 leopard geckos
  3 orcs
  11 bats
  2 giant cockroaches (D:1)
  6 hobgoblins
  2 jackals (D:3)
  A quokka (D:2)
  A ball python (D:1)
  A frilled lizard (D:1)
  A goblin (D:1)
  8 kobolds
  5 rats
54 creatures vanquished.

Notes
Turn   | Place    | Note
-------+----------+-------------------------------------------
     0 | D:1      | magipi the Merfolk Ice Elementalist began the quest for the Orb.
     0 | D:1      | Reached XP level 1. HP: 13/13 MP: 3/3
   179 | D:1      | Reached XP level 2. HP: 19/19 MP: 0/5
   456 | D:1      | Reached skill level 4 in Ice Magic
   722 | D:1      | Reached XP level 3. HP: 22/24 MP: 6/6
  1005 | D:1      | Reached XP level 4. HP: 18/30 MP: 0/8
  1118 | D:2      | Noticed Natasha
  1131 | D:1      | Killed Natasha
  1131 | D:1      | Reached skill level 5 in Ice Magic
  1585 | D:2      | Reached XP level 5. HP: 35/35 MP: 4/9
  1703 | D:2      | Found a basalt altar of Yredelemnul.
  2100 | D:2      | Found a faded altar of an unknown god.
  2379 | D:3      | Reached skill level 6 in Ice Magic
  2413 | D:3      | Learned a level 3 spell: Ozocubu's Armour
  2418 | D:3      | Learned a level 4 spell: Summon Ice Beast
  2441 | D:3      | Found a white marble altar of Elyvilon.
  2460 | D:3      | Reached XP level 6. HP: 34/41 MP: 11/11
  2579 | D:3      | Noticed a sky beast
  2657 | D:3      | Slain by a sky beast

Skill      XL: |  1  2  3  4  5 |
---------------+----------------+-----
Ice Magic      | 4 5 6 |  6.1
Spellcasting   | 3 |  3.5
Dodging        | |  2.6
Stealth        | |  2.1
Conjurations   | |  0.7
Charms         | |  0.1
Summonings     | |  0.1

Action                   |  1- 3 |  4- 6 || total
-------------------------+-------+-------++-------
Melee: Unarmed           |     5 |       ||     5
       Dagger            |    42 |    80 ||   122
 Cast: Freeze            |    26 |    39 ||    65
  Use: Scroll            |       |     3 ||     3
       Potion            |       |     2 ||     2
 Stab: Sleeping          |     4 |       ||     4
       Distracted        |     1 |       ||     1
  Eat: Chunk             |     1 |     5 ||     6
Armor: Robe              |     9 |     6 ||    15
       Leather armour    |       |    16 ||    16
Dodge: Dodged            |    67 |    79 ||   146

Action                   |  1- 3 |  4- 6 || total
-------------------------+-------+-------++-------
Melee: Unarmed           |     5 |       ||     5
       Dagger            |    42 |    80 ||   122
 Cast: Freeze            |    26 |    39 ||    65
  Use: Scroll            |       |     3 ||     3
       Potion            |       |     2 ||     2
 Stab: Sleeping          |     4 |       ||     4
       Distracted        |     1 |       ||     1
  Eat: Chunk             |     1 |     5 ||     6
Armor: Robe              |     9 |     6 ||    15
       Leather armour    |       |    16 ||    16
Dodge: Dodged            |    67 |    79 ||   146
